3AA
TACOMA FUR TRADERS @ LANCASTER FARMERS
07/30/2022
 
TOP OF THE 1ST
Tacoma Fur Traders batting - Pitching for Lancaster Farmers : RHP Roberto Cantú
Pitching: RHP Roberto Cantú
Batting: RHB Ronald Hines 0-0: Ball
1-0: Called Strike
1-1: Swinging Strike
1-2: Ball
2-2: Ball
3-2: Base on Balls
Batting: RHB Mike Daniels 0-0: Ball
1-0: Ball
2-0: Foul Ball, location: 2F
2-1: Ball
3-1: Base on Balls
Ronald Hines to second
Batting: RHB Jim Unknown 0-0: Ball
1-0: Ball
2-0: SINGLE (Flyball, 7LS)
Ronald Hines to third
Mike Daniels to second
Batting: SHB Jim Unknown 0-0: Foul Ball, location: 2F
0-1: Called Strike
0-2: Fly out, F3 (Line Drive, 3)
0-2: Fly out, F3 (Line Drive, 3)
Batting: RHB Jim Unknown 0-0: Called Strike
0-1: Ground out U3 (Groundball, 3S)
Ronald Hines scores
Mike Daniels to third
Jim Unknown to second
Batting: RHB Gonzalo Manuel 0-0: Swinging Strike
0-1: Called Strike
0-2: Foul Ball, location: 2F
0-2: Strikes out swinging
Top of the 1st over - 1 run(s), 1 hit(s), 0 error(s), 2 left on base; Tacoma 1 - Lancaster 0
BOTTOM OF THE 1ST
Lancaster Farmers batting - Pitching for Tacoma Fur Traders : RHP Kevin Porter
Pitching: RHP Kevin Porter
Batting: RHB Bronson Nicholls 0-0: Called Strike
0-1: Ball
1-1: Foul Ball, location: 2F
1-2: Ground out 5-3 (Groundball, 5S)
Batting: RHB Eric Howard 0-0: Ball
1-0: Ball
2-0: Ball
3-0: Base on Balls
Batting: RHB Fred Meyer 0-0: Called Strike
0-1: Foul Ball, location: 2F
0-2: Ball
1-2: Ball
2-2: Strikes out swinging
Batting: RHB Sean MacKnight 0-0: Ball
1-0: Ball
2-0: Swinging Strike
2-1: Swinging Strike
2-2: Strikes out swinging
Bottom of the 1st over - 0 run(s), 0 hit(s), 0 error(s), 1 left on base; Tacoma 1 - Lancaster 0
TOP OF THE 2ND
Tacoma Fur Traders batting - Pitching for Lancaster Farmers : RHP Roberto Cantú
Batting: RHB Julián Salcido 0-0: Called Strike
0-1: Ball
1-1: Ground out 6-3 (Groundball, 6M)
Batting: SHB Artie Hemming 0-0: Ball
1-0: Fly out, F7 (Flyball, 7M)
Batting: RHB Jim Unknown 0-0: Swinging Strike
0-1: Ball
1-1: Ball
2-1: Fly out, F9 (Line Drive, 9M)
Top of the 2nd over - 0 run(s), 0 hit(s), 0 error(s), 0 left on base; Tacoma 1 - Lancaster 0
BOTTOM OF THE 2ND
Lancaster Farmers batting - Pitching for Tacoma Fur Traders : RHP Kevin Porter
Batting: LHB Rob Wilson 0-0: Ground out 4-3 (Groundball, 4)
Batting: RHB Chuck Wolf 0-0: Ball
1-0: Ball
2-0: Called Strike
2-1: Fly out, F7 (Flyball, 78M)
Batting: RHB Bennett Bates 0-0: Ball
1-0: Called Strike
1-1: Fly out, F9 (Flyball, 9D)
Bottom of the 2nd over - 0 run(s), 0 hit(s), 0 error(s), 0 left on base; Tacoma 1 - Lancaster 0
TOP OF THE 3RD
Tacoma Fur Traders batting - Pitching for Lancaster Farmers : RHP Roberto Cantú
Batting: RHB Ronald Hines 0-0: Ball
1-0: Foul Ball, location: 2F
1-1: Swinging Strike
1-2: Strikes out swinging
Batting: RHB Mike Daniels 0-0: Called Strike
0-1: Swinging Strike
0-2: Ball
1-2: Fly out, F9 (Flyball, 9M)
Batting: RHB Jim Unknown 0-0: Swinging Strike
0-1: Ball
1-1: Fly out, F7 (Flyball, 7M)
Top of the 3rd over - 0 run(s), 0 hit(s), 0 error(s), 0 left on base; Tacoma 1 - Lancaster 0
BOTTOM OF THE 3RD
Lancaster Farmers batting - Pitching for Tacoma Fur Traders : RHP Kevin Porter
Batting: SHB Jim Henderson 0-0: Ball
1-0: SINGLE (Line Drive, 9LM)
Batting: RHB Carl Bryant 0-0: Grounds into double play, 6-4-3 (Groundball, 6)
Batting: RHB Bronson Nicholls 0-0: Called Strike
0-1: Ball
1-1: Foul Ball, location: 2F
1-2: Ball
2-2: DOUBLE (Line Drive, 9LD)
Batting: RHB Eric Howard 0-0: Ball
1-0: Ball
2-0: Called Strike
2-1: Called Strike
2-2: Foul Ball, location: 2F
2-2: Strikes out swinging
Bottom of the 3rd over - 0 run(s), 2 hit(s), 0 error(s), 1 left on base; Tacoma 1 - Lancaster 0
TOP OF THE 4TH
Tacoma Fur Traders batting - Pitching for Lancaster Farmers : RHP Roberto Cantú
Batting: SHB Jim Unknown 0-0: Ball
1-0: Ball
2-0: Ball
3-0: Called Strike
3-1: DOUBLE (Flyball, 89XD)
Batting: RHB Jim Unknown 0-0: Ball
1-0: Called Strike
1-1: Swinging Strike
1-2: Strikes out looking
Batting: RHB Gonzalo Manuel 0-0: Reached on error, E5 (Groundball, 5L)
Jim Unknown to third
Batting: RHB Julián Salcido 0-0: Ball
1-0: Ball
2-0: SINGLE (Line Drive, 8LS)
Jim Unknown scores
Gonzalo Manuel to second
Batting: SHB Artie Hemming 0-0: Ball
1-0: Ball
2-0: Fly out, F6 (Popup, 6MD)
Batting: RHB Jim Unknown 0-0: Foul Ball, location: 2F
0-1: Ball
1-1: Fly out, F8 (Flyball, 8RM)
Top of the 4th over - 1 run(s), 2 hit(s), 1 error(s), 2 left on base; Tacoma 2 - Lancaster 0
BOTTOM OF THE 4TH
Lancaster Farmers batting - Pitching for Tacoma Fur Traders : RHP Kevin Porter
Batting: RHB Fred Meyer 0-0: Called Strike
0-1: Called Strike
0-2: Ball
1-2: Ball
2-2: Ball
3-2: DOUBLE (Line Drive, 8LM)
Batting: RHB Sean MacKnight 0-0: Called Strike
0-1: Ball
1-1: Ball
2-1: Ball
3-1: Foul Ball, location: 2F
3-2: Foul Ball, location: 2F
3-2: Base on Balls
Batting: LHB Rob Wilson 0-0: Called Strike
0-1: Ball
1-1: Ball
2-1: Ball
3-1: Grounds into double play, 4-6-3 (Groundball, 4M)
Fred Meyer to third
Batting: RHB Chuck Wolf 0-0: Ball
1-0: Swinging Strike
1-1: Ball
2-1: SINGLE (Groundball, 56S)
Fred Meyer scores
Batting: RHB Bennett Bates 0-0: Ground out 5-3 (Groundball, 5)
Bottom of the 4th over - 1 run(s), 2 hit(s), 0 error(s), 1 left on base; Tacoma 2 - Lancaster 1
TOP OF THE 5TH
Tacoma Fur Traders batting - Pitching for Lancaster Farmers : RHP Roberto Cantú
Batting: RHB Ronald Hines 0-0: Called Strike
0-1: Swinging Strike
0-2: Strikes out swinging
Batting: RHB Mike Daniels 0-0: Ball
1-0: Ball
2-0: Ball
3-0: Called Strike
3-1: DOUBLE (Groundball, 5L)
Batting: RHB Jim Unknown 0-0: SINGLE (Line Drive, 8LS)
Mike Daniels to third
Batting: SHB Jim Unknown 0-0: Ball
1-0: Ball
2-0: Foul Ball, location: 2F
2-1: Foul Ball, location: 2F
2-2: SINGLE (Flyball, 89S)
Mike Daniels scores
Jim Unknown to second
Runner from 2nd tries for 3rd, SAFE, throw made to third
Batting: RHB Jim Unknown 0-0: Foul Ball, location: 2F
0-1: Swinging Strike
0-2: Ball
1-2: Ball
2-2: Strikes out looking
Batting: RHB Gonzalo Manuel 0-0: Ball
1-0: Foul Ball, location: 2F
1-1: Foul Ball, location: 2F
1-2: Ball
2-2: Fly out, F4 (Popup, 6MD)
Top of the 5th over - 1 run(s), 3 hit(s), 0 error(s), 2 left on base; Tacoma 3 - Lancaster 1
BOTTOM OF THE 5TH
Lancaster Farmers batting - Pitching for Tacoma Fur Traders : RHP Kevin Porter
Batting: SHB Jim Henderson 0-0: Foul Ball, location: 2F
0-1: Swinging Strike
0-2: Foul Ball, location: 2F
0-2: Foul Ball, location: 2F
0-2: Foul Ball, location: 2F
0-2: Foul Ball, location: 2F
0-2: Ball
1-2: Strikes out swinging
Batting: RHB Carl Bryant 0-0: Ball
1-0: Fly out, F9 (Flyball, 9LMF)
Batting: RHB Bronson Nicholls 0-0: Swinging Strike
0-1: Called Strike
0-2: Ball
1-2: Strikes out swinging
Bottom of the 5th over - 0 run(s), 0 hit(s), 0 error(s), 0 left on base; Tacoma 3 - Lancaster 1
TOP OF THE 6TH
Tacoma Fur Traders batting - Pitching for Lancaster Farmers : RHP Roberto Cantú
Batting: RHB Julián Salcido 0-0: Fly out, F8 (Flyball, 89M)
Batting: SHB Artie Hemming 0-0: Called Strike
0-1: Ball
1-1: Foul Ball, location: 2F
1-2: SINGLE (Flyball, 8LS)
Pitching: LHP Álex Reyes
Batting: RHB Jim Unknown 0-0: SINGLE (Line Drive, 56)
Artie Hemming to second
Batting: RHB Ronald Hines 0-0: Called Strike
0-1: Grounds into double play, U6-3 (Groundball, 6M)
Top of the 6th over - 0 run(s), 2 hit(s), 0 error(s), 1 left on base; Tacoma 3 - Lancaster 1
BOTTOM OF THE 6TH
Lancaster Farmers batting - Pitching for Tacoma Fur Traders : RHP Kevin Porter
Batting: RHB Eric Howard 0-0: Ball
1-0: Ball
2-0: Called Strike
2-1: Foul Ball, location: 2F
2-2: Foul Ball, location: 2F
2-2: Ball
3-2: Ground out 6-3 (Groundball, 6)
Batting: RHB Fred Meyer 0-0: Ball
1-0: Swinging Strike
1-1: Ball
2-1: Foul Ball, location: 2F
2-2: Ball
3-2: Foul Ball, location: 2F
3-2: Foul Ball, location: 2F
3-2: Foul Ball, location: 2F
3-2: Foul Ball, location: 2F
3-2: Strikes out swinging
Batting: RHB Sean MacKnight 0-0: Called Strike
0-1: Ground out 5-3 (Groundball, 56S)
Bottom of the 6th over - 0 run(s), 0 hit(s), 0 error(s), 0 left on base; Tacoma 3 - Lancaster 1
TOP OF THE 7TH
Tacoma Fur Traders batting - Pitching for Lancaster Farmers : LHP Álex Reyes
Batting: RHB Mike Daniels 0-0: Foul Ball, location: 2F
0-1: Ball
1-1: Ball
2-1: Ball
3-1: Base on Balls
Batting: RHB Jim Unknown 0-0: Called Strike
0-1: Swinging Strike
0-2: Ball
1-2: Ball
2-2: Foul Ball, location: 2F
2-2: Ball
3-2: Foul Ball, location: 2F
3-2: Strikes out looking
Batting: SHB Jim Unknown 0-0: Ball
1-0: Ball
2-0: Foul Ball, location: 2F
2-1: Foul Ball, location: 2F
2-2: Strikes out swinging
Batting: RHB Jim Unknown 0-0: Ball
Mike Daniels steals 2nd base
1-0: Called Strike
1-1: Swinging Strike
1-2: Foul Ball, location: 2F
1-2: Foul Ball, location: 2F
1-2: Ball
2-2: Ball
3-2: Foul Ball, location: 2F
3-2: Base on Balls
Batting: RHB Gonzalo Manuel 0-0: Swinging Strike
0-1: Ball
1-1: SINGLE (Groundball, 25) (infield hit)
Mike Daniels to third
Jim Unknown to second
Batting: RHB Julián Salcido 0-0: Foul Ball, location: 2F
0-1: Ball
1-1: Swinging Strike
1-2: Ball
2-2: Ball
3-2: Strikes out swinging
Top of the 7th over - 0 run(s), 1 hit(s), 0 error(s), 3 left on base; Tacoma 3 - Lancaster 1
BOTTOM OF THE 7TH
Lancaster Farmers batting - Pitching for Tacoma Fur Traders : RHP Kevin Porter
Batting: LHB Rob Wilson 0-0: Foul Ball, location: 2F
0-1: Ball
1-1: Ground out U3 (Groundball, 3L)
Batting: RHB Chuck Wolf 0-0: Ball
1-0: Foul Ball, location: 2F
1-1: SINGLE (Line Drive, 9LS)
Batting: RHB Bennett Bates 0-0: Ball
1-0: Foul Ball, location: 2F
1-1: Ball
2-1: Fly out, F8 (Flyball, 8RM)
Batting: SHB Jim Henderson 0-0: Ground out 4-3 (Groundball, 4)
Bottom of the 7th over - 0 run(s), 1 hit(s), 0 error(s), 1 left on base; Tacoma 3 - Lancaster 1
TOP OF THE 8TH
Tacoma Fur Traders batting - Pitching for Lancaster Farmers : LHP Álex Reyes
Batting: SHB Artie Hemming 0-0: Ball
1-0: Swinging Strike
1-1: Called Strike
1-2: Ball
2-2: Fly out, F8 (Flyball, 89S)
Batting: RHB Jim Unknown 0-0: Ball
1-0: Fly out, F8 (Flyball, 8RM)
Batting: RHB Ronald Hines 0-0: Foul Ball, location: 2F
0-1: Ball
1-1: Ball
2-1: SINGLE (Line Drive, 56D)
Batting: RHB Mike Daniels 0-0: SINGLE (Groundball, 34D)
Ronald Hines to second
Runner from 2nd tries for 3rd, SAFE, throw made to third
Pitching: RHP Wilson Vélez
Batting: RHB Jim Unknown 0-0: Ball
1-0: Ball
2-0: SINGLE (Groundball, 6M)
Ronald Hines scores
Mike Daniels to second
Batting: SHB Jim Unknown 0-0: Called Strike
0-1: Swinging Strike
0-2: Ball
1-2: Strikes out swinging
Top of the 8th over - 1 run(s), 3 hit(s), 0 error(s), 2 left on base; Tacoma 4 - Lancaster 1
BOTTOM OF THE 8TH
Lancaster Farmers batting - Pitching for Tacoma Fur Traders : RHP Kevin Porter
Batting: RHB Carl Bryant 0-0: Ball
1-0: Foul Ball, location: 2F
1-1: Ball
2-1: Fly out, F8 (Flyball, 8RM)
Batting: RHB Bronson Nicholls 0-0: Ball
1-0: Ball
2-0: Ball
3-0: Called Strike
3-1: Base on Balls
Pitching: RHP Denver Milne
Batting: RHB Eric Howard 0-0: Foul Ball, location: 2F
0-1: Swinging Strike
0-2: Fly out, F7 (Line Drive, 7M)
Batting: RHB Fred Meyer 0-0: Ball
1-0: Ground out 5-3 (Groundball, 56)
Bottom of the 8th over - 0 run(s), 0 hit(s), 0 error(s), 1 left on base; Tacoma 4 - Lancaster 1
TOP OF THE 9TH
Tacoma Fur Traders batting - Pitching for Lancaster Farmers : RHP Wilson Vélez
Batting: RHB Jim Unknown 0-0: Ball
1-0: Foul Ball, location: 2F
1-1: Ball
2-1: Ball
3-1: Base on Balls
Batting: RHB Gonzalo Manuel 0-0: Sac Bunt - play at first, batter safe!
Jim Unknown to second
Batting: RHB Julián Salcido 0-0: Called Strike
0-1: Swinging Strike
0-2: Ball
1-2: Foul Ball, location: 2F
1-2: Foul Ball, location: 2F
1-2: Strikes out swinging
Batting: SHB Artie Hemming 0-0: Called Strike
0-1: Foul Ball, location: 2F
0-2: Strikes out swinging
Batting: RHB Jim Unknown 0-0: Ball
1-0: Called Strike
1-1: Called Strike
1-2: Ground out U3 (Groundball, 3L)
Top of the 9th over - 0 run(s), 1 hit(s), 0 error(s), 2 left on base; Tacoma 4 - Lancaster 1
BOTTOM OF THE 9TH
Lancaster Farmers batting - Pitching for Tacoma Fur Traders : RHP Denver Milne
Pitching: RHP Luis Fernández
Batting: RHB Sean MacKnight 0-0: Called Strike
0-1: Ball
1-1: Swinging Strike
1-2: Foul Ball, location: 2F
1-2: Strikes out swinging
Batting: LHB Rob Wilson 0-0: Foul Ball, location: 2F
0-1: Fly out, F8 (Flyball, 8RM)
Batting: RHB Chuck Wolf 0-0: Swinging Strike
0-1: SINGLE (Groundball, 5S)
Batting: RHB Bennett Bates 0-0: Fielders Choice at 2nd, 5-4 (Groundball, 56)
Bottom of the 9th over - 0 run(s), 1 hit(s), 0 error(s), 0 left on base; Tacoma 4 - Lancaster 1
This league is powered by Out of the Park Baseball, the baseball management simulation game for PC, Mac and Linux
Friday, April 15th, 2016 - OOTP Baseball 16.9 Build 39